 Dungeon Crawl Stone Soup version 0.28-a0-834-g1a73be5ee4 (webtiles) character file.

Game seed: 11482868459898508943

2 Blacky the Insei (level 1, 0/15 HPs)
             Began as a Demonspawn Transmuter on Nov 11, 2021.
             Slain by a frilled lizard (3 damage)
             ... on level 1 of the Dungeon.
             The game lasted 00:00:32 (65 turns).

Blacky the Insei (Demonspawn Transmuter)              Turns: 65, Time: 00:00:32

Health: 0/15       AC:  2    Str: 10    XL:     1   Next: 25%
Magic:  3/3        EV: 12    Int: 14    God:
Gold:   8          SH:  0    Dex: 13    Spells: 3/4 levels left

rFire   . . .      SeeInvis .     - Unarmed
rCold   . . .      Faith    .   (no shield)
rNeg    . . .      Spirit   .   a - +0 robe
rPois   .          Reflect  .   (no helmet)
rElec   .          Harm     .   (no cloak)
rCorr   .          Rampage  .   (no gloves)
Will    .....                   (no boots)
Stlth   +.........              (no amulet)
HPRegen 0.05/turn               (no ring)
MPRegen 0.08/turn               (no ring)

@: no status effects
A: no striking features
a: no special abilities


You were on level 1 of the Dungeon.
You visited 1 branch of the dungeon, and saw 1 of its levels.

You collected 8 gold pieces.

Inventory:

Armour
 a - a +0 robe (worn)
Potions
 b - a potion of curing {unknown}


   Skills:
 + Level 1.0 Fighting
 + Level 1.7 Dodging
 + Level 2.7 Unarmed Combat
 + Level 2.1 Spellcasting
 + Level 1.7 Transmutations


You had 3 spell levels left.
You knew the following spells:

 Your Spells              Type           Power      Damage    Failure   Level
a - Beastly Appendage     Tmut           12%        N/A       12%         1

Your spell library contained the following spells:

 Spells                   Type           Power      Damage    Failure   Level
 Wereblood                Tmut           6%         N/A       17%         2
 Spider Form              Tmut/Pois      3%         N/A       45%         3
 Ice Form                 Ice/Tmut       3%         N/A       86%         4


Dungeon Overview and Level Annotations

Branches:
Dungeon (1/15)

Altars:


Message History

A frilled lizard comes into view.
A jackal comes into view.
The jackal barks!
A quokka comes into view.
You closely miss the frilled lizard.
A jackal comes into view. x2
The frilled lizard bites you.
The jackal barks! x2; You hear a bark!
The frilled lizard bites you but does no damage.
A jackal comes into view.
The frilled lizard misses you.
You miss the frilled lizard. The jackal barely misses you.
The frilled lizard bites you but does no damage.
You closely miss the jackal. The jackal closely misses you.
The quokka barely misses you. The frilled lizard misses you.
The jackal closely misses you.
You hit the frilled lizard but do no damage.
The quokka bites you.
The frilled lizard bites you but does no damage.
The jackal closely misses you.
You barely miss the frilled lizard. The quokka closely misses you.
The jackal barely misses you. The frilled lizard bites you.
You closely miss the frilled lizard. The quokka bites you.
The jackal bites you. The frilled lizard misses you.
The jackal bites you but does no damage.
The quokka bites you.
* * * LOW HITPOINT WARNING * * *
The jackal misses you.
You hit the frilled lizard.
The frilled lizard is moderately wounded.
The jackal bites you but does no damage.
The frilled lizard misses you.
The jackal bites you but does no damage.
The quokka misses you.
You closely miss the frilled lizard.
The frilled lizard is moderately wounded.
The jackal bites you.
* * * LOW HITPOINT WARNING * * *
The jackal misses you. The frilled lizard bites you.
You die...

.... ..... ...# .....
...##......#......#
.................#
###....#...........#
.hh...............+ #.
#hr.##.##........#
#...##@l.##.........#.#
#......h............#.#
.....###...........#.#..
......................#
..######......#.......#
. #......#.......#.
############.......#.
#.........##.........
#...###...####.......


You could see a quokka, 4 jackals and a frilled lizard.

Vanquished Creatures
  A goblin (D:1)
  A frilled lizard (D:1)
2 creatures vanquished.

Notes
Turn   | Place    | Note
-------+----------+-------------------------------------------
     0 | D:1      | Blacky the Demonspawn Transmuter began the quest for the
                  | Orb.
     0 | D:1      | Reached XP level 1. HP: 15/15 MP: 3/3
    65 | D:1      | Slain by a frilled lizard

Illustrated notes

Levels and vault maps discovered:
D:1:      nicolae_arrival_memento_mori, layout_basic,
          hellmonk_ecumenical_altar_blasted, serial_forest,
          infiniplex_forest_clump_curved, infiniplex_forest_end_2,
          infiniplex_forest_lined_room_2, infiniplex_forest_lined_1,
          infiniplex_forest_lined_1, infiniplex_forest_fountain, st_stairs_7,
          nrook_mini_backslash

Action                   || total
-------------------------++-------
Melee: Unarmed           ||    12
 Cast: Beastly Appendage ||     1
Armor: Robe              ||     6
Dodge: Dodged            ||    17

Table legend: (Time is in decaauts)
 A = Elapsed time spent in this place.
 B = Non-inter-level travel time spent in this place.
 C = Inter-level travel time spent in this place.
 D = Time resting spent in this place.
 E = Time spent auto-exploring this place.
 F = Levels seen in this place.
 G = Mean time per level.
                   A        B        C        D        E       F      G
               +--------+--------+--------+--------+--------+-----+--------+
         Total |     64 |     64 |      0 |      0 |      0 |   1 |   64.0 |
       Dungeon |     64 |     64 |      0 |      0 |      0 |   1 |   64.0 |
               +--------+--------+--------+--------+--------+-----+--------+

Top non-repeatable levels by time:
     D:1: 64 daAuts
